[Event "Early-Titled-Tuesday-Blitz-October-03-2023"]
[Site "Chess.com"]
[Date "2023.10.03"]
[Round "11"]
[White "FairChess_on_YouTube"]
[Black "BardArtem"]
[Result "1-0"]
[WhiteElo "3047"]
[BlackElo "2787"]
[TimeControl "180+1"]
[EndTime "10:06:47 PDT"]
[Termination "FairChess_on_YouTube won on time"]

1. e4 e5 2. f4 d5 3. exd5 exf4 4. Nf3 Nf6 5. Bc4 c6 6. dxc6 Nxc6 7. d4 Bd6 8. Qe2+ Qe7 9. Qxe7+ Kxe7 10. O-O Be6 11. Nbd2 Rac8 12. Bb3 Nb4 13. c3 Nd3 14. Bc2 Nxc1 15. Rfxc1 h6 16. Re1 Rhe8 17. Ba4 Red8 18. Bb3 Kd7 19. Ne5+ Bxe5 20. Rxe5 Re8 21. Ba4+ Kd6 22.
Bxe8 Rxe8 23. Rae1 Rc8 24. c4 b6 25. d5 Bd7 26.
Re7 Re8 27. Rxe8 Nxe8 28. Ne4+ Kc7 29. b4 1-0

[Event "Early-Titled-Tuesday-Blitz-October-03-2023"]
[Site "Chess.com"]
[Date "2023.10.03"]
[Round "11"]
[White "MokshAD1603"]
[Black "MidnightFox"]
[Result "1-0"]
[WhiteElo "2600"]
[BlackElo "2480"]
[TimeControl "180+1"]
[EndTime "10:06:47 PDT"]
[Termination "MokshAD1603 won by resignation"]

1. e4 c5 2. Nf3 d6 3. Bb5+ Nd7 4. a4 Nf6 5. Nc3 e6 6. a5 a6 7. Be2 Be7 8. d4 cxd4 9. Qxd4 O-O 10. O-O b5 11.
axb6 Qxb6 12. Qxb6 Nxb6 13. Rd1 Bb7 14. Be3 Nbd7 15.
Nd2 Rfc8 16. Nc4 d5 17. Na5 Rc7 18. Nxb7 Rxb7 19. exd5 Nxd5 20. Nxd5 exd5 21. b3 Rc7 22. Rxd5 Nf6 23. Rdd1 Rxc2 24. Rxa6 Rxa6 25. Bxa6 Rb2 26. Bc4 g6 27. h3 h5 28. Ra1 Kg7 29. Bd4 Rd2 30. Bc3 Rc2 31. Be5 Bc5 32. Rf1 g5 33.
g3 Rd2 34. Kg2 Kg6 35. Bc3 Ra2 36. b4 Ra3 37. Bxf6 1-0

[Event "Early-Titled-Tuesday-Blitz-October-03-2023"]
[Site "Chess.com"]
[Date "2023.10.03"]
[Round "11"]
[White "Roman_Ovetchkin"]
[Black "deribas12345"]
[Result "1-0"]
[WhiteElo "2709"]
[BlackElo "2585"]
[TimeControl "180+1"]
[EndTime "10:06:49 PDT"]
[Termination "Roman_Ovetchkin won by resignation"]

1. d4 Nf6 2. c4 d6 3. Nf3 Bf5 4. Nc3 g6 5. Qb3 Qc8 6. Nh4 Bd7 7. g3 Bg7 8. Bg2 c6 9. O-O e5 10. Nf3 exd4 11. Nxd4 O-O 12. Rd1 Na6 13. Qc2 d5 14.
cxd5 cxd5 15. Bf4 Bh3 16. Nxd5 Qxc2 17. Nxc2 Bxg2 18. Nxf6+ Bxf6 19. Kxg2 Rac8 20. Ne3 Nb4 21. Bd6 Nc2 22. Nxc2 Rxc2 23. Bxf8 Kxf8 24. e3 Rxb2 25. Rab1 Rxa2 26. Rxb7 Bg5 27. Kf3 Ra6 28. h4 Bh6 29. Rd8+ Kg7 30. Ra8 Rf6+ 31. Ke2 g5 32. hxg5 Bxg5 33.
Raxa7 h5 34. Rb5 Kg6 35. Raa5 Bh6 36. Rxh5 Re6 37. Rhd5 Rb6 38. Rab5 Rc6 39. f4 Bg7 40. g4 f6 41. g5 fxg5 42. Rxg5+ Kh7 43. Rb7 1-0

[Event "Early-Titled-Tuesday-Blitz-October-03-2023"]
[Site "Chess.com"]
[Date "2023.10.03"]
[Round "11"]
[White "ChessicallyInclined"]
[Black "JoseRemolar"]
[Result "1-0"]
[WhiteElo "2775"]
[BlackElo "2480"]
[TimeControl "180+1"]
[EndTime "10:06:50 PDT"]
[Termination "ChessicallyInclined won on time"]

1. e4 c5 2. Nf3 d6 3. d4 cxd4 4.
Nxd4 Nf6 5. Nc3 a6 6. Be2 e5 7. Nb3 Be7 8. Be3 O-O 9. g4 Be6 10. g5 Nfd7 11. Qd2 b5 12. O-O-O Nb6 13. f4 Nc4 14. Bxc4 bxc4 15. Na1 exf4 16. Bxf4 Nc6 17. Nd5 Bxd5 18. exd5 Ne5 19. h4 Qb6 20. Bxe5 dxe5 21. c3 Rab8 22. Qe2 Rfd8 23. Rh2 Qa5 24. Qxc4 Rdc8 25.
Qe4 Rxc3+ 26. Kb1 Rc5 27. d6 Bf8 28. Nb3 Rb4 29. Nxa5 Rxe4 30. d7 1-0

[Event "Early-Titled-Tuesday-Blitz-October-03-2023"]
[Site "Chess.com"]
[Date "2023.10.03"]
[Round "11"]
[White "Rosh1610"]
[Black "cycygogne"]
[Result "1-0"]
[WhiteElo "2454"]
[BlackElo "2245"]
[TimeControl "180+1"]
[EndTime "10:06:51 PDT"]
[Termination "Rosh1610 won by checkmate"]

1. b3 d5 2. Nf3 Nf6 3. Bb2 g6 4.
e3 Bg7 5. Be2 O-O 6. O-O Bg4 7. c4 c6 8. Nc3 e6 9. h3 Bxf3 10.
Bxf3 Nbd7 11. d4 a5 12. e4 dxe4 13. Nxe4 Nxe4 14. Bxe4 Nf6 15. Bd3 Qc7 16. Qf3 Rad8 17. Rfe1 Nh5 18. Rad1 c5 19. Be4 cxd4 20. Bxb7 e5 21.
Bd5 Kh8 22. Ba3 Nf4 23. Bxf8 Bxf8 24. g3 Nxd5 25. cxd5 f5 26. Rc1 Qb7 27. Rc6 e4 28. Qf4 Rxd5 29. Rc7 Qb4 30. Qh4 Qxe1+ 31. Kg2 h5 32.
Qf6+ Bg7 33. Qxg7# 1-0

[Event "Early-Titled-Tuesday-Blitz-October-03-2023"]
[Site "Chess.com"]
[Date "2023.10.03"]
[Round "11"]
[White "Let_it_be_1"]
[Black "Juicy_Fork"]
[Result "1-0"]
[WhiteElo "2630"]
[BlackElo "2461"]
[TimeControl "180+1"]
[EndTime "10:06:52 PDT"]
[Termination "Let_it_be_1 won on time"]

1. e4 e5 2. Nf3 Nc6 3. Bb5 a6 4. Ba4 d6 5. c3 Bd7 6. d4 g6 7. O-O Bg7 8. dxe5 dxe5 9. Bg5 f6 10. Be3 Nh6 11. Bb3 Nf7 12. Nbd2 O-O 13. Qe2 Qe7 14. Rfd1 Rad8 15. Bd5 Kh8 16. b4 Nd6 17. Nc4 Be6 18. Bc5 Bxd5 19. Rxd5 Qe6 20. Bxd6 cxd6 21. Rad1 b5 22. Nxd6 h5 23. Nb7 Rb8 24. Nc5 Qc8 25.
Nd7 Rd8 26. Nxb8 Rxd5 27. Rxd5 Nxb8 28. Qd3 Kh7 29. h3 Nc6 30. Rd7 a5 31. a3 axb4 32. axb4 Qa6 33. Kh2 Qa3 34. Qxb5 Qxc3 35. Rc7 Nd4 36.
Qd7 1-0

[Event "Early-Titled-Tuesday-Blitz-October-03-2023"]
[Site "Chess.com"]
[Date "2023.10.03"]
[Round "11"]
[White "rikchessmx"]
[Black "DarZay"]
[Result "1-0"]
[WhiteElo "2337"]
[BlackElo "2213"]
[TimeControl "180+1"]
[EndTime "10:06:52 PDT"]
[Termination "rikchessmx won on time"]

1. e4 c5 2. Nf3 Nc6 3. d4 cxd4 4. Nxd4 Nf6 5. Nc3 d6 6. f4 Bg4 7. Qd3 e5 8. Nxc6 bxc6 9. f5 d5 10. h3 d4 11. Nb1 Bb4+ 12. Bd2 Bxd2+ 13. Nxd2 Bxf5 14. exf5 e4 15. Qc4 O-O 16. g4 e3 17.
Nf3 Qa5+ 18. c3 c5 19. Bg2 Ne4 20. O-O Rad8 21. b4 Qa3 22. cxd4 cxd4 23. Qb3 Qxb3 24.
axb3 e2 25. Rfe1 d3 26. Ra2 d2 27. Nxd2 Rxd2 28. Rxe2 Rd1+ 29. Kh2 Nc3 30. Red2 Nxa2 31. Rxd1 Nxb4 32. Rd7 a6 33. Rb7 Nd3 34. Rb6 h5 35. Rxa6 hxg4 36. hxg4 Re8 37. Bd5 Re2+ 38. Kg3 Re3+ 39.
Kh4 Nf4 40. Bc4 Rh3+ 41. Kg5 1-0

[Event "Early-Titled-Tuesday-Blitz-October-03-2023"]
[Site "Chess.com"]
[Date "2023.10.03"]
[Round "11"]
[White "kingapolak"]
[Black "Fore_Man"]
[Result "0-1"]
[WhiteElo "1782"]
[BlackElo "2276"]
[TimeControl "180+1"]
[EndTime "10:06:54 PDT"]
[Termination "Fore_Man won by resignation"]

1. e4 c5 2. Nf3 Nc6 3. d4 cxd4 4. Nxd4 g6 5. c4 Bg7 6. Be3 Nf6 7. Nc3 O-O 8. f3 d6 9. Qd2 a6 10. Rc1 Nxd4 11.
Bxd4 Bd7 12. Be2 Qa5 13. O-O b5 14. Be3 Rfe8 15. a3 b4 16. axb4 Qxb4 17. Nd5 Nxd5 18. cxd5 Qxd2 19. Bxd2 Bxb2 20. Rc7 Bd4+ 21. Kh1 Bb5 22.
Re1 Bf2 23. Bxb5 axb5 24. Rb1 Rab8 25. g3 Bd4 26. Kg2 Rec8 27. Ba5 Rxc7 28. Bxc7 Rb7 29. Ba5 Bc5 30. Bb4 Kf8 31. Kf1 Ke8 32. Ke2 Kd7 33. Kd3 Kc7 34. Ba5+ Kd7 35. Bb4 Bxb4 36. Rxb4 Kc7 37. Kd4 Kb6 38. f4 Ka5 39. Rb2 b4 40. e5 b3 41. g4 Ka4 42. f5 dxe5+ 43. Kxe5 Ka3 44. Rd2 b2 45. Rd3+ Ka2 46. Rd2 Ka1 47. Rxb2 Kxb2 48. f6 Kc3 49. fxe7 Rxe7+ 50. Kd6 Re2 51.
Kc7 Rxh2 52. d6 Rd2 53. d7 h5 0-1

[Event "Early-Titled-Tuesday-Blitz-October-03-2023"]
[Site "Chess.com"]
[Date "2023.10.03"]
[Round "11"]
[White "Witty_Alien"]
[Black "FMVolodymyrSakun"]
[Result "0-1"]
[WhiteElo "2282"]
[BlackElo "2621"]
[TimeControl "180+1"]
[EndTime "10:07:00 PDT"]
[Termination "FMVolodymyrSakun won on time"]

1. e4 c5 2. Nf3 g6 3. h4 d5 4. exd5 Qxd5 5. h5 gxh5 6. Nc3 Qe6+ 7. Be2 Nf6 8. Ng5 Qe5 9. d4 cxd4 10. Nb5 Nc6 11.
f4 Qb8 12. Rxh5 h6 13. Nxd4 Nxh5 14. Nxf7 Nxf4 15. Nxh8 Nxe2 16. Nxc6 Qg3+ 17. Kf1 Bg4 18. Qd3 bxc6 19. Qg6+ Kd7 20. Nf7 Qh2 21. Qxg4+ Ke8 22. Nd6+ exd6 23. Qxe2+ Be7 24. Qf3 Kd7 25. Be3 Rf8 26.
Bf4 Rxf4 0-1

[Event "Early-Titled-Tuesday-Blitz-October-03-2023"]
[Site "Chess.com"]
[Date "2023.10.03"]
[Round "11"]
[White "Indianlad"]
[Black "temus_galaktionov"]
[Result "0-1"]
[WhiteElo "3011"]
[BlackElo "2893"]
[TimeControl "180+1"]
[EndTime "10:07:03 PDT"]
[Termination "temus_galaktionov won by checkmate"]

1. c4 c6 2. g3 g6 3. Bg2 Bg7 4.
Nf3 Nf6 5. O-O O-O 6. b3 d6 7.
d4 Nbd7 8. Bb2 Re8 9. a4 a5 10. Na3 Qb6 11. Rc1 e5 12. c5 dxc5 13. Nc4 Qc7 14.
dxe5 Ng4 15. Nd6 Re7 16. Nxc8 Rxc8 17. Bh3 h5 18. Qd2 Rce8 19. Rfd1 Ndxe5 20. Nxe5 Bxe5 21. Bxg4 hxg4 22. Rxc5 Bxb2 23. Qxb2 Rxe2 24. Qc3 Rd8 25. Rf1 Rdd2 26. Rxa5 Rd8 27. Rg5 Re4 28. Qf6 Rd6 29.
Qc3 Qd8 30. Rc5 Rd1 31. Qc2 Ree1 32. Rxe1 Rxe1+ 33. Kg2 Qd4 34. h3 Qh8 35. h4 Qa1 36.
f4 Rg1+ 37. Kf2 Qe1# 0-1

[Event "Early-Titled-Tuesday-Blitz-October-03-2023"]
[Site "Chess.com"]
[Date "2023.10.03"]
[Round "11"]
[White "Sethu0025"]
[Black "Markov_Mikhail"]
[Result "1-0"]
[WhiteElo "2869"]
[BlackElo "2737"]
[TimeControl "180+1"]
[EndTime "10:07:05 PDT"]
[Termination "Sethu0025 won by resignation"]

1. d4 Nf6 2. c4 e6 3. Nf3 d5 4. Nc3 Be7 5. Bf4 O-O 6. a3 Nbd7 7. Nb5 c6 8. Bc7 Qe8 9. Nd6 Bxd6 10. Bxd6 dxc4 11. e3 b5 12. Qc2 Nb6 13. Be2 a5 14.
O-O a4 15. Ne5 Bb7 16. Bc5 Nbd7 17. Bxf8 Nxf8 18. f4 Nd5 19. Qc1 f6 20. Ng4 Rd8 21. e4 Nc7 22. Qe3 Nd7 23. Rad1 Qe7 24. Bf3 Re8 25.
Nf2 e5 26. dxe5 fxe5 27. f5 Qc5 28. Qc1 Nf6 29. Kh1 h6 30. Ng4 Rf8 31. Nxf6+ Rxf6 32. Rd7 Qb6 33. Qc3 Ne8 34. Qxe5 Rf8 35. Qe6+ Kh8 36.
Qe7 Qg1+ 1-0

[Event "Early-Titled-Tuesday-Blitz-October-03-2023"]
[Site "Chess.com"]
[Date "2023.10.03"]
[Round "11"]
[White "arminmusovic"]
[Black "FM_Kappeler"]
[Result "1-0"]
[WhiteElo "2494"]
[BlackElo "2339"]
[TimeControl "180+1"]
[EndTime "10:07:11 PDT"]
[Termination "arminmusovic won by checkmate"]

1. a3 d5 2. Nc3 d4 3. Ne4 e5 4. Ng3 Nf6 5. e4 Nc6 6. Bb5 Bd7 7. Bxc6 Bxc6 8. d3 g6 9. N1e2 Bg7 10. O-O O-O 11. h3 Ne8 12. f4 f5 13. exf5 gxf5 14. fxe5 Qd5 15. Nf4 Qxe5 16. Re1 Qf6 17. Re6 Qh4 18. Qe1 Nd6 19. Bd2 Rae8 20. Qe2 Qxg3 21.
Nh5 Qh4 22. Bf4 Rxe6 23. Qxe6+ Kh8 24. Nxg7 Qxf4 25. Nh5 Qe3+ 26. Qxe3 dxe3 27. Nf4 Rg8 28. Re1 Rg3 29. Kh2 Rg8 30. Rxe3 Re8 31. Rg3 Rg8 32. Re3 Re8 33. Rg3 Re1 34. Nh5 Rc1 35. Nf6 Bd5 36.
Nxd5 h5 37. Nf6 h4 38. Rg8# 1-0

[Event "Early-Titled-Tuesday-Blitz-October-03-2023"]
[Site "Chess.com"]
[Date "2023.10.03"]
[Round "11"]
[White "GaiozNigalidze"]
[Black "FREDERICKtheMATE"]
[Result "1-0"]
[WhiteElo "2747"]
[BlackElo "2597"]
[TimeControl "180+1"]
[EndTime "10:07:13 PDT"]
[Termination "GaiozNigalidze won by resignation"]

1. d4 Nf6 2. c4 e6 3. Nf3 d5 4.
Nc3 Be7 5. Bf4 O-O 6. e3 b6 7.
a3 Bb7 8. cxd5 Nxd5 9. Nxd5 Bxd5 10. Be2 Nd7 11. O-O c5 12. Rc1 Bf6 13. Bd6 Re8 14. Bb5 a6 15. Be2 cxd4 16. Nxd4 Nc5 17. Bxc5 bxc5 18.
Rxc5 Qb6 19. b4 Be7 20. Rc3 a5 21. b5 Rac8 22. Qd2 Qb7 23. Rfc1 Rxc3 24. Qxc3 Bxg2 25. f3 Bh3 26. Qc6 Qb8 27. Qc7 Bxa3 28. Qxb8 Rxb8 29. Rc7 Bb2 30. Nc6 Re8 31. b6 e5 32. b7 a4 33. Ne7+ Kf8 34. Nc8 Ba3 35. b8=Q Bd6 36. Rxf7+ Kxf7 37. Nxd6+ Ke6 38. Nxe8 1-0

[Event "Early-Titled-Tuesday-Blitz-October-03-2023"]
[Site "Chess.com"]
[Date "2023.10.03"]
[Round "11"]
[White "Mystery2007"]
[Black "DoctorCheckyll"]
[Result "1-0"]
[WhiteElo "2462"]
[BlackElo "2303"]
[TimeControl "180+1"]
[EndTime "10:07:13 PDT"]
[Termination "Mystery2007 won on time"]

1. Nf3 d5 2. c4 c6 3. b3 Nf6 4. Bb2 Bf5 5. g3 e6 6. Bg2 h6 7.
O-O Nbd7 8. d3 Bh7 9. Nbd2 Be7 10. Re1 O-O 11. Qc2 Rc8 12. Rac1 Ne8 13. Qb1 Bf6 14. Qa1 Bxb2 15. Qxb2 a5 16. e4 dxe4 17. dxe4 Qc7 18.
e5 Nc5 19. Bf1 f6 20. Qd4 b6 21. h4 Rd8 22. Qe3 fxe5 23. Nxe5 Nf6 24. Ndf3 Nfe4 25. Rcd1 Rd6 26. Rxd6 Qxd6 27. Be2 Qc7 28. a3 Nd7 29. Nxd7 Qxd7 30. Bd3 Nf6 31. Ne5 Qd6 32. Bxh7+ Kxh7 33. Qxb6 Nh5 34. Qxc6 Qd2 35. Qe4+ Rf5 36. Qe2 Qd4 37.
Kg2 Nf6 38. b4 1-0

[Event "Early-Titled-Tuesday-Blitz-October-03-2023"]
[Site "Chess.com"]
[Date "2023.10.03"]
[Round "11"]
[White "AnaKuchava"]
[Black "Alenzer"]
[Result "1-0"]
[WhiteElo "2244"]
[BlackElo "2103"]
[TimeControl "180+1"]
[EndTime "10:07:13 PDT"]
[Termination "AnaKuchava won on time"]

1. d4 d5 2. Nf3 Nf6 3. c4 dxc4 4. e3 e6 5. Bxc4 a6 6. a4 c5 7. O-O Nc6 8. Nc3 Be7 9. Qd3 Nb4 10. Qe2 O-O 11.
Rd1 Nbd5 12. e4 Nxc3 13. bxc3 cxd4 14. cxd4 b6 15. Bb2 Bb7 16. Bd3 Rc8 17. Rac1 Qd7 18. Ne5 Qxa4 19. Ra1 Qb3 20. Rdb1 Bd6 21. Bc4 Rxc4 22.
Nxc4 Be7 23. Ba3 1-0

[Event "Early-Titled-Tuesday-Blitz-October-03-2023"]
[Site "Chess.com"]
[Date "2023.10.03"]
[Round "11"]
[White "vugarrasulov"]
[Black "CSB7"]
[Result "1-0"]
[WhiteElo "2945"]
[BlackElo "2752"]
[TimeControl "180+1"]
[EndTime "10:07:14 PDT"]
[Termination "vugarrasulov won by checkmate"]

1. c4 c6 2. Nf3 d5 3. e3 Nf6 4. Nc3 e6 5. d4 Nbd7 6. Bd3 dxc4 7. Bxc4 b5 8. Bd3 Bd6 9. Nd2 O-O 10. O-O Bb7 11.
a4 a6 12. Qe2 Qb6 13. Rd1 Be7 14. b3 Rfd8 15. Bb2 h6 16. h3 Rac8 17. axb5 cxb5 18. Nce4 Nd5 19. Nf3 Nb4 20. Bb1 Bd5 21. Ned2 Nc2 22.
e4 Bb7 23. Ra2 Nb4 24. Ra1 Nc2 25. Bxc2 Rxc2 26. Rab1 Bb4 27. Qd3 Rdc8 28. Nf1 Nf6 29. Ng3 a5 30. Nh2 Qa6 31. Nhf1 a4 32. Ne3 R2c7 33. d5 exd5 34. exd5 a3 35. Be5 Rd7 36.
d6 Ne8 37. Ngf5 Rcd8 38. Ng4 Bxd6 39. Nfxh6+ gxh6 40.
Nxh6+ Kf8 41. Qh7 Bxe5 42. Qg8+ Ke7 43. Qxf7# 1-0

[Event "Early-Titled-Tuesday-Blitz-October-03-2023"]
[Site "Chess.com"]
[Date "2023.10.03"]
[Round "11"]
[White "tylityli"]
[Black "LuisFSiles"]
[Result "1/2-1/2"]
[WhiteElo "2345"]
[BlackElo "2276"]
[TimeControl "180+1"]
[EndTime "10:07:14 PDT"]
[Termination "Game drawn by repetition"]

1. d4 Nf6 2. c4 g6 3. Nc3 d5 4.
cxd5 Nxd5 5. Bd2 Nb6 6. Nf3 Bg7 7. Bf4 O-O 8. e3 c6 9. Be2 Nd5 10. Nxd5 cxd5 11. O-O Nc6 12. a3 Bg4 13. h3 Bxf3 14. Bxf3 e6 15. Rc1 Qb6 16. b4 Rfc8 17. Bd6 a5 18.
Bc5 Qd8 19. b5 Ne7 20. a4 b6 21. Ba3 Ra7 22. Qd2 Nf5 23. Rxc8 Qxc8 24. Rc1 Rc7 25. Rxc7 Qxc7 26. Qc1 Qxc1+ 27. Bxc1 Bf8 28. Be2 Bb4 29. Kf1 Kf8 30. Bd3 Nd6 31. Ke2 Ke7 32. Kd1 f6 33. Kc2 e5 34. Bd2 Bxd2 35. Kxd2 exd4 36.
exd4 f5 37. Kc3 Nf7 38. h4 Nd8 39. Be2 Ne6 40. g3 h6 41. Bf3 Kd6 42. Be2 g5 43.
hxg5 hxg5 44. Bd3 f4 45. Bf5 Ng7 46. Bg4 fxg3 47. fxg3 Ne6 48. Bxe6 Kxe6 49. g4 Kd6 50. Kd3 Ke6 51. Ke3 Kf6 52. Kf3 Ke6 53. Ke3 Kf6 54.
Kf3 Ke6 55. Ke3 1/2-1/2

[Event "Early-Titled-Tuesday-Blitz-October-03-2023"]
[Site "Chess.com"]
[Date "2023.10.03"]
[Round "11"]
[White "BashirovKemal"]
[Black "Predator0608"]
[Result "1-0"]
[WhiteElo "2658"]
[BlackElo "2490"]
[TimeControl "180+1"]
[EndTime "10:07:17 PDT"]
[Termination "BashirovKemal won by resignation"]

1. d4 d5 2. c4 e6 3. Nc3 Nf6 4. Bg5 Be7 5. e3 O-O 6. Nf3 Nbd7 7. cxd5 Nxd5 8. Bxe7 Qxe7 9. Nxd5 exd5 10. Bd3 Nf6 11. O-O c6 12. h3 Ne4 13. Qc2 Bf5 14. Rab1 a5 15. a3 a4 16. Nh2 Qg5 17. Nf3 Qh5 18.
Ne5 f6 19. Ng4 Rfe8 20. Rbe1 Nd6 21. Qd1 Bxd3 22. Nxf6+ gxf6 23. Qxh5 Re7 24. Qg4+ Kf7 25. f3 Nc4 26. Rf2 Rae8 27. e4 dxe4 28. fxe4 Rxe4 29. Qh5+ Ke7 30. Qxh7+ Kd6 31. Rxe4 Kd5 32. Qf5+ Ne5 33. Rxe5+ fxe5 34. Qxd3 e4 35. Qe3 Kc4 1-0

[Event "Early-Titled-Tuesday-Blitz-October-03-2023"]
[Site "Chess.com"]
[Date "2023.10.03"]
[Round "11"]
[White "Sergey85Rodchenkov"]
[Black "Tsyhanchuk_Stanislav"]
[Result "0-1"]
[WhiteElo "2508"]
[BlackElo "2459"]
[TimeControl "180+1"]
[EndTime "10:07:17 PDT"]
[Termination "Tsyhanchuk_Stanislav won by resignation"]

1. e4 c5 2. Nf3 d6 3. d4 cxd4 4. Nxd4 Nf6 5. Nc3 a6 6. Be3 e5 7. Nb3 Be6 8. f3 Nbd7 9. Qd2 b5 10. Nd5 Nxd5 11. exd5 Bf5 12. a4 bxa4 13. Na5 Nb6 14. Nc6 Qc7 15. c4 Be7 16. Qa5 Nxd5 17. cxd5 Qd7 18.
Qxa4 O-O 19. Bxa6 Bd3 20. Nxe7+ Qxe7 21. Qc6 Qh4+ 22. Kd2 Bxa6 23. Rxa6 Qb4+ 24. Kc2 Rac8 25. Kb1 Rxc6 26. dxc6 Qb5 27. Ra3 Qxc6 28. Rc1 Qb5 29. Rcc3 f5 30. Rab3 Qf1+ 31. Rc1 Qxg2 32. Rd3 Qxf3 33.
Rdc3 f4 0-1

[Event "Early-Titled-Tuesday-Blitz-October-03-2023"]
[Site "Chess.com"]
[Date "2023.10.03"]
[Round "11"]
[White "JoakimVonAnd"]
[Black "Doomfist26"]
[Result "1/2-1/2"]
[WhiteElo "2728"]
[BlackElo "2602"]
[TimeControl "180+1"]
[EndTime "10:07:18 PDT"]
[Termination "Game drawn by repetition"]

1. Nf3 Nf6 2. g3 d5 3. Bg2 Nc6 4. d4 b5 5. O-O e6 6. a4 b4 7. c4 bxc3 8. Nxc3 Be7 9. Bf4 a6 10.
Rc1 Bd7 11. Ne5 Na5 12. e4 c6 13. Na2 Nxe4 14. b4 Nb7 15. Nxc6 Bxc6 16. Rxc6 O-O 17. Qd3 Ned6 18. Rxa6 Nc4 19. Rxa8 Qxa8 20. a5 Qa7 21. Rb1 Bf6 22. Nc3 Qxd4 23. Qxd4 Bxd4 24. Nb5 Bf6 25. a6 Nd8 26. a7 Nc6 27. Bb8 Nb6 28. Bc7 Na8 29.
Bd6 Rd8 30. Rc1 Nxa7 31. Nxa7 Rxd6 32. b5 Nb6 33. Rc6 Rxc6 34. bxc6 Be5 35. Nb5 Kf8 36. Kf1 Ke7 37. Ke2 Kd8 38. f4 Bb8 39. f5 Nc8 40. fxe6 fxe6 41. Nd4 Ke7 42. Nxe6 Kxe6 43. Bh3+ Kd6 44. Bxc8 Kxc6 45. Kd3 Kd6 46. Bf5 h6 47. h4 Ke5 48. g4 Ba7 49. h5 Kf4 50. Be6 d4 51. Bf5 Ke5 52. Bc8 Bb6 53. Bf5 Ba7 54.
Bc8 Bb6 55. Bf5 Ba7 1/2-1/2

[Event "Early-Titled-Tuesday-Blitz-October-03-2023"]
[Site "Chess.com"]
[Date "2023.10.03"]
[Round "11"]
[White "Zq1"]
[Black "stepanosinovsky"]
[Result "0-1"]
[WhiteElo "2491"]
[BlackElo "2407"]
[TimeControl "180+1"]
[EndTime "10:07:18 PDT"]
[Termination "stepanosinovsky won by resignation"]

1. d4 Nf6 2. c4 g6 3. Nc3 Bg7 4. e4 O-O 5. Nf3 d6 6. Be2 Nbd7 7. O-O e5 8. Be3 a5 9. d5 Nc5 10. Nd2 b6 11. a3 h5 12. b4 axb4 13. axb4 Rxa1 14. Qxa1 Ncd7 15. f3 h4 16. Nb3 Nh5 17. Rc1 Nf4 18. Bf1 Qg5 19. Kh1 Nf6 20.
Ne2 N6h5 21. Nxf4 exf4 22. Bd4 Ng3+ 23. Kg1 Bxd4+ 24. Qxd4 Nxf1 25. Kxf1 h3 26. Rc2 hxg2+ 27. Kg1 Bh3 28. c5 bxc5 29. bxc5 Rb8 30. Rc3 Qh4 31. Qf2 Qf6 32. Qd2 Rxb3 33. Rc1 Rb2 34. Qd1 Ra2 35. cxd6 cxd6 36. Rb1 Qc3 37. Rc1 Qb2 38. Qe1 Qd4+ 0-1

[Event "Early-Titled-Tuesday-Blitz-October-03-2023"]
[Site "Chess.com"]
[Date "2023.10.03"]
[Round "11"]
[White "Anton_Demchenko"]
[Black "tetrix83"]
[Result "1-0"]
[WhiteElo "2926"]
[BlackElo "2650"]
[TimeControl "180+1"]
[EndTime "10:07:19 PDT"]
[Termination "Anton_Demchenko won by resignation"]

1. e4 c5 2. Nf3 d6 3. d4 cxd4 4. Nxd4 Nf6 5. Nc3 a6 6. Bd3 e6 7. f4 Nbd7 8. O-O Qc7 9. Kh1 Be7 10. a4 b6 11. Qf3 Bb7 12. Bd2 Nc5 13. Rae1 O-O 14. Qg3 Nxd3 15. cxd3 Kh8 16. Qh3 Qc5 17. Be3 Qh5 18. Qxh5 Nxh5 19. Nb3 Bd8 20. Nd2 Nf6 21.
Nc4 b5 22. Nxd6 Bc6 23. axb5 axb5 24. Ndxb5 Rb8 25. Nd4 Bd7 26. Rb1 Ba5 27. Nf3 Rfc8 28. Bd4 Rb4 29. Ra1 Bd8 30. Ra7 Be8 31. Rfa1 Kg8 32.
Ra8 Rcb8 33. Be5 Rxa8 34. Rxa8 1-0

[Event "Early-Titled-Tuesday-Blitz-October-03-2023"]
[Site "Chess.com"]
[Date "2023.10.03"]
[Round "11"]
[White "ezkybel"]
[Black "Sanyura"]
[Result "0-1"]
[WhiteElo "2489"]
[BlackElo "2660"]
[TimeControl "180+1"]
[EndTime "10:07:19 PDT"]
[Termination "Sanyura won by resignation"]

1. b3 Nf6 2. Bb2 g6 3. Bxf6 exf6 4. c4 f5 5. Nc3 Bg7 6. Rc1 O-O 7. e3 Re8 8. g3 f4 9. gxf4 Nc6 10. Bg2 Nb4 11. d4 Qh4 12. Nf3 Rxe3+ 13. Kf1 Rxf3 14. Qxf3 Bxd4 15.
Nb5 Bb2 16. Re1 d6 17. Re8+ Kg7 18. Nxc7 Rb8 19. h3 Na6 20. Qe2 Bd4 21. Nb5 Qxf4 22.
Rxc8 Rxc8 23. Nxd4 Qxd4 24. Bxb7 Rc5 25. Bxa6 Re5 26.
Qg4 Qd3+ 27. Kg2 h5 28. Qd1 Qe4+ 29. Qf3 Rg5+ 0-1

[Event "Early-Titled-Tuesday-Blitz-October-03-2023"]
[Site "Chess.com"]
[Date "2023.10.03"]
[Round "11"]
[White "wqws"]
[Black "zajka-molotok"]
[Result "1-0"]
[WhiteElo "2670"]
[BlackElo "2576"]
[TimeControl "180+1"]
[EndTime "10:07:20 PDT"]
[Termination "wqws won by resignation"]

1. e4 c6 2. d4 d5 3. e5 Bf5 4. h4 h5 5. c4 e6 6. Nc3 Bb4 7. Ne2 dxc4 8. Ng3 Bg6 9. Bxc4 Ne7 10. Bg5 Nd7 11. O-O Nb6 12. Bb3 Qd7 13. Nce4 Nf5 14. Nxf5 Bxf5 15. Qf3 Qxd4 16. Nd6+ Bxd6 17. exd6 Qxd6 18.
Rfe1 Bg4 19. Qe4 O-O 20. Bf4 Qc5 21. Rac1 Qf5 22. Qb4 Rfd8 23. Re5 Qd3 24. Qe7 Rd7 25. Qg5 f6 26. Qxg4 hxg4 27. Bxe6+ Kf8 28. Rh5 Rdd8 29.
Re1 g5 30. hxg5 Qg6 31. Rh6 Qc2 32. gxf6 1-0

[Event "Early-Titled-Tuesday-Blitz-October-03-2023"]
[Site "Chess.com"]
[Date "2023.10.03"]
[Round "11"]
[White "SashaKuzhilniy"]
[Black "Alexei_Gubajdullin"]
[Result "0-1"]
[WhiteElo "2640"]
[BlackElo "2758"]
[TimeControl "180+1"]
[EndTime "10:07:23 PDT"]
[Termination "Alexei_Gubajdullin won by checkmate"]

1. b3 Nf6 2. Bb2 g6 3. Nf3 Bg7 4. g3 O-O 5. Bg2 d6 6. d4 a5 7. O-O a4 8. c4 axb3 9. axb3 Rxa1 10. Bxa1 Na6 11. Nc3 c6 12. Qd2 Bg4 13. h3 Bxf3 14.
Bxf3 Qb6 15. Rb1 Nd7 16. Na4 Qa7 17. e3 e5 18. Bg2 exd4 19. exd4 Re8 20. Qf4 Qb8 21.
Bf3 Nf8 22. Kg2 Ne6 23. Qd2 b5 24. Nc3 Nxd4 25. cxb5 Nxf3 26. Kxf3 cxb5 27. Nd5 Qb7 28. Bxg7 Kxg7 29. Rd1 Re5 30. Kg4 Qd7+ 31. Kf3 Qb7 32. Kg4 h5+ 33. Kh4 Nc5 34. g4 Ne4 35. Qd4 g5+ 36. Kxh5 Qxd5 37. Qxd5 Nf6# 0-1

[Event "Early-Titled-Tuesday-Blitz-October-03-2023"]
[Site "Chess.com"]
[Date "2023.10.03"]
[Round "11"]
[White "Dr_crypt"]
[Black "JosefineHeinemann"]
[Result "0-1"]
[WhiteElo "2440"]
[BlackElo "2523"]
[TimeControl "180+1"]
[EndTime "10:07:25 PDT"]
[Termination "JosefineHeinemann won on time"]

1. Nf3 d5 2. c4 e6 3. d4 Nf6 4.
Nc3 c5 5. cxd5 Nxd5 6. e4 Nxc3 7.
bxc3 cxd4 8. cxd4 Bb4+ 9. Bd2 Bxd2+ 10. Qxd2 O-O 11. Bd3 Bd7 12. O-O Bc6 13. Qf4 Nd7 14. d5 exd5 15. exd5 Bxd5 16. Rad1 Qf6 17. Qc7 Bxf3 18.
gxf3 Ne5 19. Be4 Rac8 20. Qxb7 Rc3 21. Kg2 h5 22. Rfe1 h4 23. h3 g6 24. Qb2 Nxf3 25. Re3 Qg5+ 26. Kxf3 Rxe3+ 27. fxe3 Re8 28. Qd4 Qg3+ 29.
Ke2 Qxh3 30. Qd5 Qg3 31. Rf1 Qg4+ 32. Kd3 Rf8 33. Rf2 h3 34. Qd6 Qh4 0-1

[Event "Early-Titled-Tuesday-Blitz-October-03-2023"]
[Site "Chess.com"]
[Date "2023.10.03"]
[Round "11"]
[White "brm72"]
[Black "maracayo"]
[Result "1-0"]
[WhiteElo "2514"]
[BlackElo "2406"]
[TimeControl "180+1"]
[EndTime "10:07:25 PDT"]
[Termination "brm72 won on time"]

1. e4 d6 2. d4 Nf6 3. Nc3 c6 4. Be3 Qa5 5. f3 e5 6. dxe5 dxe5 7. Bc4 Bc5 8. Qd2 O-O 9. O-O-O Bxe3 10. Qxe3 Nbd7 11.
g4 b5 12. Bb3 Qb6 13. Qd2 a5 14. a4 Nc5 15. Qd6 bxa4 16. Bxa4 Be6 17. Qxc6 Nxa4 18. Qxa4 Rab8 19. Qa3 Qe3+ 20. Kb1 Rfc8 21. Nge2 Bc4 22. Ng3 Qxf3 23. g5 Ng4 24. Nf5 Rc7 25. Qd6 Ba2+ 26.
Ka1 Rcc8 27. Ne7+ Kh8 28. Nxc8 h5 29. Qxb8 Bb3 30. Ne7+ 1-0